 Dungeon Crawl Stone Soup version 0.30-a0-469-g84de5afbc5 (webtiles) character file.

Game seed: 3656872938267711454

1763 ryw the Cleaver (level 9, -2/81 HPs)
             Began as a Hill Orc Berserker on Dec 19, 2022.
             Was an Elder of Trog.
             Slain by a gnoll sergeant
             ... wielding a +0 spear of pain
              (3 damage)
             ... on level 7 of the Dungeon.
             The game lasted 00:10:12 (7101 turns).

ryw the Cleaver (Hill Orc Berserker)                Turns: 7101, Time: 00:10:13

Health: -2/81      AC: 11    Str: 26    XL:     9   Next: 7%
Magic:  9/9        EV: 11    Int: 11    God:    Trog [****..]
Gold:   309        SH:  4    Dex: 10    Spells: 8/8 levels left

rFire   . . .      SeeInvis .    u - +11 short sword of Dung {chaos, rElec Str+2 Int+4}
rCold   . . .      Faith    .    w - +0 buckler
rNeg    + . .      Spirit   .    r - +2 leather armour {Will+}
rPois   .          Reflect  .    (no helmet)
rElec   +          Harm     .    q - +0 cloak
rCorr   .          Rampage  .    (no gloves)
Will    +....                    (no boots)
Stlth   +.........               (no amulet)
HPRegen 0.33/turn                i - +4 ring of protection
MPRegen 0.11/turn                f - ring of positive energy

@: no status effects
A: no striking features
a: Renounce Religion, Berserk, Trog's Hand, Brothers in Arms


You were on level 7 of the Dungeon.
You worshipped Trog.
Trog was greatly pleased with you.
You visited 1 branch of the dungeon, and saw 7 of its levels.

You collected 309 gold pieces.

Inventory:

Hand Weapons
 a - a +0 hand axe
 u - the +11 short sword of Dung (weapon) {chaos, rElec Str+2 Int+4}
   (You found it on level 5 of the Dungeon)

   Each time it hits an enemy it has a different, random effect.
   Str:       It affects your strength (+2).
   Int:       It affects your intelligence (+4).
   rElec:     It insulates you from electricity.
Missiles
 b - 5 boomerangs (quivered)
 e - 2 boomerangs of dispersal
 h - 5 atropa-tipped darts
 j - 13 poisoned darts
 m - 3 throwing nets
 s - 4 javelins
Armour
 q - a +0 cloak (worn)
 r - a +2 leather armour of willpower (worn)
 w - a +0 buckler (worn)
Jewellery
 f - a ring of positive energy (right hand)
 i - a +4 ring of protection (left hand)
Wands
 o - a wand of mindburst (9)
Scrolls
 c - 2 scrolls of magic mapping
 d - 3 scrolls of teleportation
 p - a scroll of blinking
 t - a scroll of amnesia
 x - a scroll of vulnerability {unknown}
Potions
 g - 2 potions of curing
 k - 2 potions of magic
 l - a potion of attraction {unknown}
 n - 4 potions of heal wounds {unknown}
 v - 2 potions of degeneration {unknown}


   Skills:
 + Level 7.8 Fighting
 + Level 2.5 Short Blades
 - Level 8.4 Axes
 - Level 3.0 Throwing
 + Level 6.6 Armour
 - Level 2.0 Dodging
 + Level 2.7 Shields


You had 8 spell levels left.
You didn't know any spells.
Your spell library was empty.

Dungeon Overview and Level Annotations

Branches:
Dungeon (7/15)             Temple (0/1) D:4

Altars:
Makhleb
Wu Jian
Zin

Shops:
D:3 =

Annotations:
D:7 Joseph


Message History

The hound closely misses you. The gnoll barely misses you.
You block the gnoll sergeant's attack. The hound misses you.
You puncture the gnoll!
You kill the gnoll!
Trog accepts your kill. The hound closely misses you.
The gnoll sergeant hits you from afar with a +0 spear of pain.
You hit Joseph.
Joseph is lightly wounded.
The hound barely misses you.
The gnoll sergeant hits you but does no damage.
Joseph unwields a +0 sling.
Joseph wields a +2 vorpal quarterstaff.
Joseph closely misses you.
You puncture Joseph! You freeze Joseph.
Joseph is moderately wounded.
You block the hound's attack. The hound barely misses you.
You block the gnoll sergeant's attack.
You puncture Joseph! You burn Joseph.
Joseph is heavily wounded.
Joseph hits you with a +2 vorpal quarterstaff.
You block the hound's attack.
A gnoll comes into view. It is wielding a +0 spear.
The gnoll sergeant barely misses you.
You puncture Joseph!
Joseph is severely wounded.
The hound barely misses you.
Joseph says, "No trespassing is allowed here."
Joseph hits you with a +2 vorpal quarterstaff!
The gnoll sergeant hits you from afar with a +0 spear of pain!
* * * LOW HITPOINT WARNING * * *
You writhe in agony.
* * * LOW HITPOINT WARNING * * *
The hound closely misses you.
You closely miss Joseph.
Joseph is severely wounded.
Joseph hits you with a +2 vorpal quarterstaff!
* * * LOW HITPOINT WARNING * * *
x2 The hound barely misses you.
The gnoll barely misses you.
The gnoll sergeant hits you from afar with a +0 spear of pain.
You die...

##..## . #...#
##..## #...#
#...# ##..##
#...# .. ##...#
####
....#...#####@.##
#.....#...@hg.#
##......†g....#
###..........#
#...g.......#
##.##.......#
#($####....# ##.
###### .


You could see Joseph, a gnoll sergeant, a hound and 2 gnolls.

Vanquished Creatures
  Sigmund (D:3)
  A water moccasin (D:4)
  A black bear (D:6)
  2 centaurs
  2 phantoms
  A bullfrog (D:6)
  2 scorpions
  A necrophage (D:5)
  3 howler monkeys (D:7)
  7 hounds
  A jelly (D:4)
  A gnoll bouda (D:5)
  Ijyb (D:3)
  5 iguanas
  An orc wizard (D:5)
  Robin (D:3)
  8 adders
  8 gnolls
  2 shadow imps
  4 ufetubi
  2 worms
  2 dart slugs
  14 orcs
  7 ball pythons
  3 endoplasms
  5 giant cockroaches
  17 goblins
  8 hobgoblins
  5 jackals (D:2)
  3 quokkas (D:1)
  3 bats
  2 frilled lizards (D:1)
  10 kobolds
  5 rats
139 creatures vanquished.

Vanquished Creatures (others)
  A bat (D:3)
1 creature vanquished.

Grand Total: 140 creatures vanquished

Notes
Turn   | Place    | Note
-------+----------+-------------------------------------------
     0 | D:1      | ryw the Hill Orc Berserker began the quest for the Orb.
     0 | D:1      | Reached XP level 1. HP: 19/19 MP: 1/1
   180 | D:1      | Reached XP level 2. HP: 25/27 MP: 2/2
   580 | D:1      | Reached XP level 3. HP: 33/33 MP: 3/3
   791 | D:1      | Reached ** piety under Trog
  1615 | D:2      | Reached XP level 4. HP: 40/40 MP: 4/4
  2093 | D:3      | Found Pec Vud's Jewellery Shoppe.
  2098 | D:3      | Noticed Ijyb
  2123 | D:3      | Reached skill level 5 in Axes
  2380 | D:3      | Noticed Robin
  2403 | D:3      | Killed Robin
  2404 | D:3      | Reached XP level 5. HP: 40/47 MP: 5/5
  2845 | D:3      | Noticed Sigmund
  2985 | D:3      | Killed Ijyb
  2986 | D:3      | Reached skill level 5 in Fighting
  2995 | D:3      | Reached *** piety under Trog
  3103 | D:3      | Killed Sigmund
  3104 | D:3      | Reached skill level 6 in Axes
  3104 | D:3      | Reached XP level 6. HP: 27/56 MP: 6/6
  3613 | D:4      | Found a glowing silver altar of Zin.
  3707 | D:4      | Reached XP level 7. HP: 61/62 MP: 7/7
  3777 | D:4      | Found an ornate altar of the Wu Jian Council.
  3799 | D:4      | Found a staircase to the Ecumenical Temple.
  3829 | D:4      | Reached skill level 1 in Throwing
  4356 | D:4      | Reached skill level 7 in Axes
  4356 | D:4      | Reached skill level 5 in Armour
  4516 | D:5      | Entered Level 5 of the Dungeon
  4800 | D:5      | Reached XP level 8. HP: 71/71 MP: 8/8
  5029 | D:5      | Reached skill level 8 in Axes
  5417 | D:5      | Identified the +11 short sword of Dung {chaos, rElec Str+2
                  | Int+4}
  5512 | D:5      | Found a burning altar of Makhleb.
  6083 | D:6      | Reached skill level 1 in Short Blades
  6083 | D:6      | Reached skill level 1 in Shields
  6237 | D:6      | Reached **** piety under Trog
  7034 | D:7      | Found the +7 Throatcutter {drain, coup de grace}
  7083 | D:7      | Reached XP level 9. HP: 74/80 MP: 9/9
  7088 | D:7      | Noticed Joseph
  7101 | D:7      | HP: 3/81 [Joseph/+2 vorpal quarterstaff (14)]
  7101 | D:7      | HP: 1/81 [Joseph/+2 vorpal quarterstaff (2)]
  7101 | D:7      | Slain by a gnoll sergeant

Illustrated notes

Levels and vault maps discovered:
D:1:      dpeg_arrival_concentric_ovals, layout_loops_ring, roderic_lattice_a,
          chequers_serial_rivers_small_b
D:2:      layout_loops_ring
D:3:      layout_loops_ring, serial_shops, nicolae_square_shop,
          minmay_misc_feat_iff, nicolae_elevator_lobby_asterisk, uniq_robin,
          uniq_ijyb, uniq_sigmund
D:4:      layout_loops_ring, nzn_wu_jian_contemplation, lemuel_tele_altar,
          minmay_temple_entry_statues_fountains
D:5:      layout_basic, lemuel_round_altar
D:6:      layout_basic, roderic_st_hans_cross, hangedman_abyss_or_decor_stagger
D:7:      layout_cave_pods, nicolae_ashenzari_skybound, uniq_joseph

Skill      XL: |  1  2  3  4  5  6  7  8 |
---------------+-------------------------+-----
Fighting       | 4 5 6 7 |  7.8
Dodging        | 2 |  2.0
Armour         | 3 4 5 6 |  6.6
Axes           | 5 6 7 8 |  8.4
Throwing       | 2 3 |  3.0
Short Blades   | 2 |  2.5
Shields        | 2 |  2.7

Action                   |  1- 3 |  4- 6 |  7- 9 || total
-------------------------+-------+-------+-------++-------
Melee: Hand axe          |   119 |   231 |   243 ||   593
       Punch             |     1 |     1 |     4 ||     6
       Short sword       |       |       |    75 ||    75
Throw: Dart              |       |     9 |       ||     9
       Boomerang         |       |     7 |       ||     7
  Use: Scroll            |       |     6 |     3 ||     9
       Potion            |       |     2 |       ||     2
Armor: Animal skin       |    23 |    27 |       ||    50
       Ring mail         |       |    33 |       ||    33
       Leather armour    |       |    22 |   147 ||   169
Dodge: Dodged            |    75 |   124 |   195 ||   394
Block: Buckler           |       |       |    17 ||    17

Table legend: (Time is in decaauts)
 A = Elapsed time spent in this place.
 B = Non-inter-level travel time spent in this place.
 C = Inter-level travel time spent in this place.
 D = Time resting spent in this place.
 E = Time spent auto-exploring this place.
 F = Levels seen in this place.
 G = Mean time per level.
                   A        B        C        D        E       F      G
               +--------+--------+--------+--------+--------+-----+--------+
         Total |   7102 |   6758 |    344 |    865 |   4483 |   7 | 1014.6 |
       Dungeon |   7102 |   6758 |    344 |    865 |   4483 |   7 | 1014.6 |
               +--------+--------+--------+--------+--------+-----+--------+

Top non-repeatable levels by time:
     D:3: 1346 daAuts
     D:5: 1327 daAuts
     D:4: 1214 daAuts
     D:1: 1079 daAuts
     D:2: 1061 daAuts
     D:6: 1009 daAuts
     D:7: 63 daAuts
